 Dungeon Crawl Stone Soup version bcrawl-1.19.1 (webtiles) character file.

Game seed: 14226167436584728848

692 Mrkan the Skirmisher (level 7, -14/64 HPs)
             Began as a Hill Orc Fighter on Dec 6, 2019.
             Was a Follower of Okawaru.
             Demolished by Pikel
             ... wielding a +2 whip of electrocution
              (16 damage)
             ... on level 4 of the Dungeon.
             The game lasted 00:07:16 (3178 turns).

Mrkan the Skirmisher (Hill Orc Fighter)             Turns: 3178, Time: 00:07:17

Health: -14/64     AC:  8    Str: 21    XL:     7   Next: 63%
Magic:  7/7        EV:  7    Int:  8    God:    Okawaru [*.....]
Gold:   279        SH: 10    Dex: 10    Spells: 6/6 levels left

rFire    . . .     SeeInvis .   a - +0 war axe
rCold    . . .     Gourm    .   c - +0 shield
rNeg     . . .     Faith    .   b - +0 scale mail
rPois    .         Spirit   .   x - +0 helmet
rElec    .         Reflect  .   (no cloak)
rCorr    .         Harm     .   (no gloves)
MR       .....                  (no boots)
Stlth    ..........             (no amulet)
HPRegen  0.20/turn              (no ring)
MPRegen  0.10/turn              (no ring)

@: no status effects
A: no striking features
a: Heroism, Renounce Religion


You were on level 4 of the Dungeon.
You worshipped Okawaru.
Okawaru was aware of your devotion.
You were hungry.

You visited 1 branch of the dungeon, and saw 4 of its levels.

You collected 279 gold pieces.

Inventory:

Hand Weapons
 a - a +0 war axe (weapon)
Missiles
 A - a throwing net (quivered) {!f}
Armour
 b - a +0 scale mail (worn)
 c - a +0 shield (worn)
 g - a +0 pair of boots
 x - a +0 helmet (worn)
Jewellery
 h - an uncursed ring of insulation {unknown}
 n - an uncursed amulet of rage {unknown}
 p - an uncursed ring of flight {unknown}
 v - an uncursed ring of fire {unknown}
Wands
 z - a wand of acid (5)
Scrolls
 j - 9 scrolls of identify {unknown}
 l - 2 scrolls of fog {unknown}
 m - 2 scrolls of enchant weapon {unknown}
 q - a scroll of remove curse {unknown}
 r - 2 scrolls of teleportation {unknown}
 y - a scroll of amnesia {unknown}
Potions
 d - 2 potions of might
 e - a potion of curing {unknown}
 i - a potion of agility {unknown}
 k - a potion of haste
 o - a potion of degeneration {unknown}
 s - a potion of mutation {unknown}
 t - a potion of brilliance {unknown}
 u - a potion of cancellation {unknown}
 w - a potion of flight {unknown}
Comestibles
 f - 6 rations {!d}


   Skills:
 * Level 6.4 Fighting
   Level 6.4 Short Blades
   Level 6.4 Long Blades
   Level 6.4 Axes
   Level 6.4 Maces & Flails
   Level 6.4 Polearms
   Level 6.4 Staves
 + Level 5.5 Armour
 + Level 5.4 Shields
   Level 6.4 Unarmed Combat


You had 6 spell levels left.
You didn't know any spells.
Your spell library was empty.

Dungeon Overview and Level Annotations

Branches:
Dungeon (4/12)
 Temple: D:4-7

Altars:
Cheibriados
Elyvilon
Gozag
Hepliaklqana
Lugonu
Nemelex Xobeh
Okawaru
Sif Muna
Trog
Uskayaw
Zin

Annotations:
D:4 Pikel


Message History

Pikel hits you with a +2 whip of electrocution.
You hit Pikel.
Pikel is moderately wounded.
You miss the slave. Pikel barely misses you. You block the slave's attack.
Pikel closely misses you.
You slash Pikel!
Pikel is severely wounded.
You closely miss the slave. Pikel barely misses you.
You block the slave's attack. Pikel hits you but does no damage.
The slave barely misses you.
You hit Pikel but do no damage.
Pikel is severely wounded.
You closely miss the slave.
Pikel hits you with a +2 whip of electrocution!
You are electrocuted!!
* * * LOW HITPOINT WARNING * * *
Pikel hits you with a +2 whip of electrocution.
* * * LOW HITPOINT WARNING * * *
You are electrocuted!
You die...

#.#########
######.#.......#
....#.#.#####.#
.........###.####
#.#####.#.#.#........###
.............)..........
..........#.#).......#.#
...###p#.#.#..#######.#
#@#)#.#.))# #.#
#K#.#.#.#.## #.# ..
#pp.#.#.#..# #.# ..
#..p...#.##.# #.# ..
.'......#.##.## #.# .#
###......#.##..# #.# .#
.......#.###.## #.# .#
........#.# #..# #.# .#
.....####.####.###.#


You could see Pikel and 4 slaves.

Vanquished Creatures
  Sigmund (D:2)
  A hungry ghost (D:3)
  A scorpion (D:4)
  A crimson imp (D:3)
  A hound (D:4)
  2 orc priests
  An orc wizard (D:4)
  A worker ant (D:4)
  Robin (D:3)
  3 adders (D:3)
  2 oozes (D:2)
  2 adder skeletons (D:3)
  5 worms
  A dart slug (D:1)
  5 leopard geckos
  11 orcs
  2 giant cockroaches (D:1)
  12 goblins
  22 hobgoblins
  3 jackals (D:1)
  7 kobolds
  3 quokkas
  6 bats
  2 frilled lizards
  7 rats
103 creatures vanquished.

Notes
Turn   | Place    | Note
-------+----------+-------------------------------------------
     0 | D:1      | Mrkan the Hill Orc Fighter began the quest for the Orb.
     0 | D:1      | Reached XP level 1. HP: 20/20 MP: 1/1
   116 | D:1      | Reached XP level 2. HP: 27/27 MP: 2/2
   330 | D:1      | Reached XP level 3. HP: 29/34 MP: 3/3
   826 | D:2      | Noticed Sigmund
   848 | D:2      | Killed Sigmund
   848 | D:2      | Reached skill level 5 in Fighting
   848 | D:2      | Reached XP level 4. HP: 21/42 MP: 4/4
   848 | D:2      | Reached XP level 5. HP: 24/48 MP: 5/5
  1164 | D:2      | Found an iron altar of Okawaru.
  1164 | D:2      | Found an opulent altar of Gozag.
  1164 | D:2      | Found a snail-covered altar of Cheibriados.
  1165 | D:2      | Found a hazy altar of Hepliaklqana.
  1165 | D:2      | Found a corrupted altar of Lugonu.
  1166 | D:2      | Found a bloodstained altar of Trog.
  1166 | D:2      | Found a white marble altar of Elyvilon.
  1167 | D:2      | Found a glowing silver altar of Zin.
  1209 | D:2      | Became a worshipper of Warmaster Okawaru
  1261 | D:2      | Reached XP level 6. HP: 55/56 MP: 6/6
  1484 | D:3      | Found a hide-covered altar of Uskayaw.
  1559 | D:3      | Noticed a +0 dagger
  1560 | D:3      | Noticed a +0 hand axe
  1696 | D:3      | Found a shimmering blue altar of Sif Muna.
  1698 | D:3      | Noticed a hungry ghost
  1714 | D:3      | Killed a hungry ghost
  1714 | D:3      | Reached skill level 5 in Armour
  1830 | D:3      | Reached skill level 5 in Shields
  1866 | D:3      | Found a sparkling altar of Nemelex Xobeh.
  1877 | D:3      | Reached XP level 7. HP: 62/62 MP: 7/7
  1974 | D:3      | Reached skill level 6 in Fighting
  2311 | D:3      | Noticed Robin
  2321 | D:3      | Killed Robin
  2901 | D:4      | Reached * piety under Okawaru
  3162 | D:4      | Noticed Pikel
  3178 | D:4      | HP: 2/64 [Pikel/+2 whip of electrocution (2)]
  3178 | D:4      | Demolished by Pikel

Skill      XL: |  1  2  3  4  5  6  7 |
---------------+----------------------+-----
Fighting       | 5 6 |  6.4
Armour         | 4 5 |  5.5
Shields        | 4 5 |  5.4
Short Blades   | |  6.4
Long Blades    | |  6.4
Axes           | |  6.4
Maces & Flails | |  6.4
Polearms       | |  6.4
Staves         | |  6.4
Unarmed Combat | |  6.4

Action                   |  1- 3 |  4- 6 |  7- 9 || total
-------------------------+-------+-------+-------++-------
Melee: War axe           |    87 |   127 |   113 ||   327
  Eat: Chunk             |       |     6 |     4 ||    10
Armor: Scale mail        |    44 |    45 |    56 ||   145
Dodge: Dodged            |    36 |    34 |    34 ||   104
Block: Shield            |    43 |    56 |    48 ||   147
